AoeStats
← 公鸡神探

Arena

506408176Analyzed
4v4 RM · 19d ago on Sep 13, 2026· 46m 30s· 8 players
Game mode
Random Map
Map size
Large (8 player)
Population
200
Speed
Normal
Resources
Standard
Victory
Conquest
Starting age
Dark Age
Ending age
Imperial Age
RankedLock teamsTeams togetherTeam positionsShared explorationLock speedFull tech treeHidden civsTurbo modeCheats
Victory
Defeat
🇨🇳 Franks · China
1266
+10
🇨🇳 Armenians · China
1256
+11
🇹🇼 Poles · Taiwan
1168
+14
1111
+17
🇨🇱 Japanese · Chile
1156
-14
🇫🇷 Britons · France
1151
-14
🇫🇷 Bohemians · France
1112
-12
🇺🇸 Romans · United States
1111
-12
TigerBitePig
10:25 Feudal Age
15:53 Castle Age
14:15 Double-Bit Axe
14:23 Horse Collar
25:43 Wheelbarrow
25:28 Gold Mining
25:57 Bow Saw
25:51 Heavy Plow
30:00 Imperial Age
27:40 Scale Mail Armor
28:45 Chain Mail Armor
28:41 Forging
31:31 Plate Mail Armor
31:59 Conscription
31:43 Fletching
32:51 Hoardings
32:37 Bodkin Arrow
32:34 Loom
34:04 Hand Cart
35:08 Crop Rotation
34:55 Fortified Wall
40:15 Iron Casting
40:20 Man-at-Arms
41:01 Squires
40:47 Arson
42:05 Blast Furnace
40:59 Long Swordsman
42:12 Two-Handed Swordsman
42:48 Champion
无甲的joe
10:08 Feudal Age
14:21 Castle Age
13:06 Double-Bit Axe
21:13 Forging
23:50 Scale Barding Armor
26:44 Chain Barding Armor
31:49 Imperial Age
29:56 Wheelbarrow
29:24 Stone Mining
29:25 Gold Mining
30:27 Town Watch
31:16 Hand Cart
31:36 Bow Saw
32:09 Gold Shaft Mining
32:21 Iron Casting
31:46 Scale Mail Armor
34:08 Blast Furnace
33:11 Squires
32:56 Arson
33:11 Elite Throwing Axeman
34:12 Conscription
34:10 Chain Mail Armor
34:22 Loom
35:17 #83
45:16 Plate Mail Armor
公鸡神探
12:20 Feudal Age
16:13 Castle Age
14:43 Horse Collar
15:00 Double-Bit Axe
17:56 Bow Saw
17:53 Gold Mining
19:29 Fletching
23:33 Heavy Plow
27:12 Wheelbarrow
27:42 Loom
27:42 Town Watch
32:15 Imperial Age
31:11 Scale Mail Armor
31:21 Forging
31:16 Man-at-Arms
31:51 Gambesons
32:07 Squires
31:52 Arson
32:37 Chain Mail Armor
32:57 Hand Cart
32:42 Town Patrol
33:34 Iron Casting
32:21 Capped Ram
32:24 Long Swordsman
33:13 Two-Handed Swordsman
34:26 Plate Mail Armor
33:23 Siege Ram
34:00 Champion
36:18 Blast Furnace
36:17 Conscription
36:07 Fereters
翻斗花园突破手绫小路
11:18 Feudal Age
12:10 Double-Bit Axe
12:41 Horse Collar
15:20 Castle Age
20:32 Wheelbarrow
20:11 Bow Saw
21:30 Stone Mining
22:15 Heavy Plow
22:44 Gold Mining
24:24 Gold Shaft Mining
29:33 Imperial Age
29:02 Scale Barding Armor
28:59 Padded Archer Armor
28:50 Fletching
29:27 Hand Cart
28:58 Loom
28:58 Town Watch
32:13 Town Patrol
32:52 Chain Barding Armor
32:47 Leather Archer Armor
32:28 Bodkin Arrow
33:02 Ballistics
33:43 Chemistry
33:17 Crop Rotation
33:50 Two-Man Saw
33:45 Thumb Ring
34:08 Parthian Tactics
33:03 Heavy Cavalry Archer
34:31 Ring Archer Armor
34:24 Chain Barding Armor
34:06 Bracer
34:30 Conscription
34:10 Recurve Bow
35:05 Bloodlines
34:30 Light Cavalry
35:17 Husbandry
37:45 Hussar
41:09 Plate Barding Armor
43:54 Capped Ram
Salty
13:01 Feudal Age
14:32 Wheelbarrow
13:44 Double-Bit Axe
14:31 Gold Mining
14:33 Stone Mining
14:27 Horse Collar
14:52 Town Watch
20:27 Castle Age
19:12 Fletching
19:22 Padded Archer Armor
20:33 Forging
20:23 Scale Mail Armor
22:22 Elite Skirmisher
22:25 Pikeman
24:14 Bodkin Arrow
30:55 Chain Mail Armor
31:16 Iron Casting
31:24 Ballistics
32:26 Bow Saw
35:54 Imperial Age
35:27 Gold Shaft Mining
35:57 Leather Archer Armor
35:52 Squires
36:03 Halberdier
38:11 Blast Furnace
38:25 Scale Barding Armor
41:45 Heavy Cavalry Archer
BlueBoss
9:08 Loom
10:54 Feudal Age
12:10 Double-Bit Axe
18:00 Castle Age
16:01 Horse Collar
20:52 Wheelbarrow
21:20 Heavy Plow
21:32 Bow Saw
26:53 Hand Cart
26:26 Town Watch
32:34 Imperial Age
30:18 Forging
30:09 Scale Mail Armor
29:46 Pikeman
30:27 Squires
30:48 Ballistics
30:24 Murder Holes
30:37 Arson
30:44 Fletching
32:01 Chemistry
32:10 Bodkin Arrow
32:51 Iron Casting
32:31 Chain Mail Armor
32:00 Treadmill Crane
32:57 Wagenburg Tactics
33:19 Town Patrol
33:59 Conscription
33:39 Halberdier
35:22 Blast Furnace
34:22 Bracer
35:29 Two-Man Saw
34:44 Masonry
35:03 Houfnice
37:29 Siege Engineers
37:13 Elite Skirmisher
38:22 Padded Archer Armor
lpt42
10:54 Feudal Age
14:54 Castle Age
13:43 Double-Bit Axe
14:06 Horse Collar
16:00 Bow Saw
25:40 Fletching
26:51 Loom
28:30 Wheelbarrow
29:02 Bodkin Arrow
32:37 Imperial Age
30:26 Gold Mining
31:20 Town Watch
32:16 Hand Cart
33:01 Town Patrol
32:49 Crossbowman
34:10 Ballistics
35:13 Conscription
35:46 Padded Archer Armor
36:45 Arbalester
37:41 Bracer
37:57 Leather Archer Armor
Tesorito
12:06 Feudal Age
10:22 Loom
17:12 Castle Age
16:35 Double-Bit Axe
19:13 Town Watch
20:40 Scale Mail Armor
23:26 Wheelbarrow
23:09 Gold Mining
24:38 Chain Mail Armor
24:33 Forging
25:24 Forging
27:49 Iron Casting
37:02 Town Patrol
38:18 Fortified Wall
38:46 Hand Cart
41:41 Imperial Age
41:53 Pikeman
42:34 Squires
42:19 Arson
42:49 Gambesons
43:40 Halberdier
Connection lost

Rejoining the realm…

Still unreachable

The connection could not be restored.

Session expired

The server has moved on; the page needs a fresh start.